 Dungeon Crawl Stone Soup version 0.30.0 (webtiles) character file.

Game seed: 11872079399588285838

414 SnakkuSnakku7 the Trooper (level 6, -7/57 HPs)
             Began as a Draconian Cinder Acolyte on May 6, 2023.
             Was a High Priest of Ignis.
             Killed by divine providence
             ... invoked by an orc priest
              (10 damage)
             ... on level 4 of the Dungeon.
             The game lasted 00:04:49 (2342 turns).

SnakkuSnakku7 the Trooper (DrCA)                    Turns: 2342, Time: 00:04:49

Health: -7/57      AC:  7    Str: 16    XL:     6   Next: 60%
Magic:  0/7        EV: 11    Int: 15    God:    Ignis [*****.]
Gold:   194        SH:  0    Dex:  8    Spells: 7/7 levels left

rFire   + . .        a - +2 whip (freeze)
rCold   . . .        (no shield)
rNeg    . . .        (body armour unavailable)
rPois   .            (helmet restricted)
rElec   .            n - +0 cloak
rCorr   .            (no gloves)
SInv    .            (no boots)
Will    .....        o - amulet of guardian spirit
Stlth   +            (no ring)
HPRegen 0.29/turn    (no ring)
MPRegen 0.10/turn

%: guardian spirit
@: on berserk cooldown, slowed, very slow
A: AC +6, unfitting armour, cold-blooded
a: Renounce Religion, Fiery Armour, Foxfire Swarm, Rising Flame


You were on level 4 of the Dungeon.
You worshipped Ignis.
Ignis was extremely pleased with you.
You visited 1 branch of the dungeon, and saw 4 of its levels.

You collected 194 gold pieces.

Inventory:

Hand Weapons
 a - a +2 whip of freezing (weapon)
 b - a +0 sling
 u - a -1 mace of flaming
Missiles
 k - 4 boomerangs of dispersal (quivered)
Armour
 n - a +0 cloak (worn)
Jewellery
 o - an amulet of guardian spirit (around neck)
 p - a ring of wizardry
 s - a ring of ice
Wands
 q - a wand of digging (5)
Scrolls
 d - a scroll of teleportation
 f - a scroll of enchant weapon {unknown}
 h - a scroll of immolation {unknown}
 m - a scroll of enchant armour {unknown}
 t - 2 scrolls of fog
 x - a scroll of vulnerability {unknown}
Potions
 c - 4 potions of resistance {unknown}
 e - a potion of invisibility
 g - a potion of brilliance
 i - 4 potions of curing {unknown}
 j - a potion of degeneration {unknown}
 l - 2 potions of cancellation {unknown}
 r - 2 potions of flight {unknown}
 v - a potion of lignification {unknown}


   Skills:
 + Level 6.2 Fighting
 - Level 3.5 Maces & Flails
 + Level 3.8 Ranged Weapons
 - Level 1.0 Spellcasting
 - Level 3.0 Fire Magic


You had 7 spell levels left.
You didn't know any spells.
Your spell library contained the following spells:

 Spells                   Type           Power      Damage    Failure   Level
 Scorch                   Fire           18%        2d5       11%         2
 Apportation              Tloc           0%         N/A       24%         1
 Cigotuvi's Dreadful Rot  Necr/Pois/Air  0%         N/A       36%         2
 Dispel Undead            Necr           0%         3d6       94%         4
 Alistair's Intoxication  Tmut/Pois      0%         N/A       100%        5
 Death Channel            Necr           0%         N/A       100%        6


Dungeon Overview and Level Annotations

Branches:
Dungeon (4/15)
 Temple: D:4-7

Altars:

Annotations:
D:3 Edmund


Innate Abilities, Weirdness & Mutations

Your plain brown scales are hard. (AC +6)
You cannot fit into any form of body armour.
You are cold-blooded and may be slowed by cold attacks.


Message History

The orc priest closely misses you.
You barely miss the orc priest.
The orc priest is moderately wounded.
The orc priest hits you with a +0 dagger.
The orc priest completely misses you.
You hit the orc priest but do no damage.
The orc priest is moderately wounded.
The orc priest calls down the wrath of Beogh upon you.
Pain shoots through your body!
* * * LOW HITPOINT WARNING * * *
You hit the orc priest. You freeze the orc priest.
The orc priest is severely wounded.
The orc priest hits you with a +0 dagger.
* * * LOW HITPOINT WARNING * * *
You hit the orc priest but do no damage.
The orc priest is severely wounded.
The orc priest hits you but does no damage. x2
You hit the orc priest but do no damage.
You tail-slap the orc priest.
The orc priest is almost dead.
The orc priest completely misses you.
You closely miss the orc priest.
The orc priest is almost dead.
The orc priest hits you with a +0 dagger.
* * * LOW HITPOINT WARNING * * *
The orc priest mumbles some strange prayers to Beogh against you.
Pain shoots through your body!
* * * LOW HITPOINT WARNING * * *
You barely miss the orc priest.
Your tail-slap misses the orc priest.
The orc priest is almost dead.
The orc priest barely misses you.
You hit the orc priest but do no damage.
The orc priest is almost dead.
The orc priest hits you with a +0 dagger.
You barely miss the orc priest.
The orc priest is almost dead.
The orc priest misses you.
The orc priest invokes the aid of Beogh against you.
Beogh smites you!
You die...

#.......####.... ..
..###........### ..#
#.........#. #...# #.
##.......<..< #....##+.
.............# #...?#..
########.###.# #.....#
##.....# .#
###.#..#######..#..## .
..#......o@))....#..####..#
.$(......#######..........#
......(.............#####..
....................#......
...........................
...........................
.........(.................
..........###..............
.........## #..............


You could see an orc priest.

Vanquished Creatures
  An ogre (D:4)
  2 orc priests (D:3)
  Jessica (D:2)
  An orc wizard (D:4)
  6 gnolls (D:3)
  6 adders
  2 worms
  3 dart slugs (D:1)
  10 orcs
  3 bats
  10 endoplasms
  2 giant cockroaches (D:2)
  7 goblins
  5 hobgoblins
  6 kobolds
  3 quokkas
  9 ball pythons
  3 frilled lizards
  5 rats
85 creatures vanquished.

Vanquished Creatures (others)
  10 foxfires (D:3)
  13 plants (D:4)
23 creatures vanquished.

Grand Total: 108 creatures vanquished

Notes
Turn   | Place    | Note
-------+----------+-------------------------------------------
     0 | D:1      | SnakkuSnakku7 the Draconian Cinder Acolyte began the quest
                  | for the Orb.
     0 | D:1      | Reached XP level 1. HP: 19/19 MP: 2/2
    85 | D:1      | Reached XP level 2. HP: 13/27 MP: 3/3
   423 | D:1      | Reached skill level 4 in Fighting
   558 | D:1      | Reached XP level 3. HP: 33/33 MP: 4/4
   875 | D:2      | Reached skill level 1 in Ranged Weapons
   936 | D:2      | Noticed Jessica
   941 | D:2      | Killed Jessica
   942 | D:2      | Reached XP level 4. HP: 38/41 MP: 5/5
  1469 | D:3      | Reached skill level 5 in Fighting
  1476 | D:3      | Reached XP level 5. HP: 32/48 MP: 3/6
  2027 | D:3      | Reached XP level 6. HP: 35/57 MP: 5/7
  2153 | D:4      | Noticed Edmund
  2217 | D:4      | Reached skill level 6 in Fighting
  2339 | D:4      | HP: 2/57 [orc priest/nerve-wracking pain (10)]
  2342 | D:4      | Killed from afar by an orc priest

Illustrated notes

Levels and vault maps discovered:
D:1:      noname_arrival_rooms_in_the_neighbourhood, layout_rooms
D:2:      layout_loops_cross, minmay_pentomino_w2, uniq_jessica
D:3:      layout_rooms, minmay_ruptured
D:4:      layout_rooms, enter_ossuary_5, kennysheep_boxes, uniq_edmund

Skill      XL: |  1  2  3  4  5  6 |
---------------+-------------------+-----
Fighting       | 4 5 6 |  6.2
Ranged Weapons | 1 2 3 |  3.8
Maces & Flails | |  3.5
Spellcasting   | |  1.0
Fire Magic     | |  3.0

Action                     |  1- 3 |  4- 6 || total
---------------------------+-------+-------++-------
  Melee: Mace              |   109 |    96 ||   205
         Tailslap          |     9 |    21 ||    30
         Punch             |     1 |     1 ||     2
         Whip              |       |   100 ||   100
  Throw: Boomerang         |       |     1 ||     1
 Invoke: Foxfire Swarm     |       |     1 ||     1
    Use: Scroll            |       |     5 ||     5
         Potion            |       |     1 ||     1
   Stab: Sleeping          |       |     1 ||     1
 Armour: Skin              |    38 |    79 ||   117
  Dodge: Dodged            |    72 |   123 ||   195
